 Dungeon Crawl Stone Soup version 0.31-a0-743-g45f7035092 (webtiles) character file.

Game seed: 1642155910291319689

186 LeprechaunX the Changeling (level 5, -4/35 HPs)
             Began as an Octopode Shapeshifter on Sept 12, 2023.
             Slain by an ice beast (6 damage)
             ... on level 3 of the Dungeon.
             The game lasted 00:04:02 (2966 turns).

LeprechaunX the Changeling (Octopode Shapeshifter)  Turns: 2966, Time: 00:04:03

Health: -4/35      AC:  1    Str: 15    XL:     5   Next: 66%
Magic:  5/5        EV: 13    Int: 13    God:
Gold:   194        SH:  0    Dex: 11    Spells: 4/4 levels left

rFire   . .          .
                       - Unarmed
rCold   . . .        (no shield)
rNeg    . . .        (helmet currently unavailable)
rPois   .            (no amulet)
rElec   .            (no ring)
rCorr   .            (no ring)
SInv    .            (no ring)
Will    .....        (no ring)
Stlth   ++           (no ring)
HPRegen 0.25/turn    (no ring)
MPRegen 0.09/turn    (no ring)
                     (no ring)

%: no passive effects
@: beast-form
A: beast (slay +2), almost no armour, amphibious, 8 rings, camouflage 1,
gelatinous body 1, (nimble swimmer 1), tentacles
a: Begin Untransformation


You were on level 3 of the Dungeon.
You were a hulking beast.
You visited 1 branch of the dungeon, and saw 3 of its levels.

You collected 194 gold pieces.

Inventory:

Hand Weapons
 o - a +0 sling
Missiles
 d - 2 boomerangs (quivered)
Talismans
 b - a beast talisman (active)
 c - a flux talisman
Scrolls
 f - 2 scrolls of immolation {unknown}
 i - a scroll of fog {unknown}
 k - a scroll of poison {unknown}
 n - 2 scrolls of noise {unknown}
 p - a scroll of blinking {unknown}
 q - a scroll of enchant weapon {unknown}
Potions
 a - a potion of lignification
 e - a potion of curing {unknown}
 g - a potion of invisibility {unknown}
 h - a potion of attraction {unknown}
 j - a potion of heal wounds {unknown}
 l - a potion of might {unknown}
 m - a potion of mutation {unknown}
 r - a potion of enlightenment {unknown}


   Skills:
 + Level 2.4 Fighting
 + Level 3.0 Dodging
 + Level 3.8 Unarmed Combat
 * Level 4.3 Shapeshifting


You had 4 spell levels left.
You didn't know any spells.
Your spell library was empty.

Dungeon Overview and Level Annotations

Branches:
Dungeon (3/15)

Altars:


Innate Abilities, Weirdness & Mutations

You are a hulking beast.
Your limbs bulge with bestial killing power. (Slay +2)
You cannot wear most types of armour.
You are amphibious.
You can wear up to eight rings at the same time.
Your skin changes colour to match your surroundings (Stealth+).
Your rubbery body absorbs attacks. (AC +1, EV +1)
((You are camouflaged when in or above water. (Stealth+)))
You have tentacles for arms and can constrict up to eight enemies at once.


Message History

You throw a boomerang. The boomerang hits the ice beast.
The ice beast is lightly wounded.
Throw: 2 boomerangs
Press: ? - help, Q - select action Shift-Dir - straight line, f/p - ice beast
Aim: an ice beast (lightly wounded, 56% to hit)
You throw a boomerang.
The boomerang barely misses the ice beast.
Throw: 2 boomerangs
Press: ? - help, Q - select action Shift-Dir - straight line, f/p - ice beast
Aim: an ice beast (lightly wounded, 57% to hit)
You throw a boomerang. The boomerang hits the ice beast.
The ice beast is moderately wounded.
Throw: 2 boomerangs
Press: ? - help, Q - select action Shift-Dir - straight line, f/p - ice beast
Aim: an ice beast (moderately wounded, 57% to hit)
You throw a boomerang.
The boomerang barely misses the ice beast.
You barely miss the ice beast. You tentacle-slap the ice beast.
The ice beast is heavily wounded.
The ice beast hits you. The ice beast freezes you!
You tentacle-slap the ice beast.
The ice beast is heavily wounded.
You tentacle-slap the ice beast. Your squeeze misses the ice beast.
The ice beast is heavily wounded.
The ice beast barely misses you.
You barely miss the ice beast.
The ice beast is heavily wounded.
The ice beast hits you. The ice beast freezes you!
* * * LOW HITPOINT WARNING * * *
Press: ? - help, v - describe, . - travel
Here: an ice beast (heavily wounded)
The floor, spattered with blood.
The ice beast attacks as it pursues you!
The ice beast completely misses you.
You tentacle-slap the ice beast.
The ice beast is severely wounded.
The ice beast hits you.
* * * LOW HITPOINT WARNING * * *
The ice beast freezes you.
You die...

.....#.#.# #............##.......
.##..#.#.# #............##.......
...†.#.#.# #............##.......
.#...#.#.# #............##.......
#...#.#.###............##.......
#..<#.#..##............#)...####
#.#.#.##.)#............#.####
#...# ##..............÷.#######
##### ##.....hY...............
#...............#######
##..............# #....
##.............###.###
#################[............#..
....>..............(.>.....^.....
#...................#.#..........
#.#################.#.#.######.#.
#.#........# #.#.#.# #.#.


You could see an ice beast.

Vanquished Creatures
  An orc priest (D:3)
  An orc wizard (D:3)
  7 adders
  A worm (D:2)
  3 orcs (D:3)
  8 ball pythons
  4 endoplasms
  4 giant cockroaches
  3 goblins
  6 hobgoblins
  10 kobolds
  A quokka (D:1)
  5 bats
  7 frilled lizards
  8 rats
69 creatures vanquished.

Notes
Turn   | Place    | Note
-------+----------+-------------------------------------------
     0 | D:1      | LeprechaunX the Octopode Shapeshifter began the quest for
                  | the Orb.
     0 | D:1      | Reached XP level 1. HP: 13/13 MP: 1/1
   140 | D:1      | Reached XP level 2. HP: 18/18 MP: 2/2
   624 | D:1      | Reached XP level 3. HP: 20/23 MP: 3/3
  1211 | D:2      | Reached XP level 4. HP: 17/29 MP: 4/4
  1842 | D:3      | Reached skill level 4 in Shapeshifting
  1842 | D:3      | Reached XP level 5. HP: 25/34 MP: 5/5
  2128 | D:3      | Noticed an ice beast
  2671 | D:3      | Found a faded altar of an unknown god.
  2966 | D:3      | Slain by an ice beast

Illustrated notes

Levels and vault maps discovered:
D:1:      psy_arrival_terrarium, layout_basic
D:2:      layout_loops_ring
D:3:      layout_basic, hellmonk_okawaru_the_only_friend_you_need,
          shapermc_ecumenical_altar_pompeii, lexackson_kobold_supper

Skill      XL: |  1  2  3  4  5 |
---------------+----------------+-----
Fighting       | 2 |  2.4
Shapeshifting  | 4 |  4.3
Dodging        | 3 |  3.0
Unarmed Combat | |  3.8

Action                     |  1- 3 |  4- 6 || total
---------------------------+-------+-------++-------
  Melee: Unarmed           |    63 |    69 ||   132
         Constrict         |    15 |    18 ||    33
         Tentacles         |     9 |    14 ||    23
         Punch             |       |     4 ||     4
  Throw: Boomerang         |       |     6 ||     6
   Stab: Sleeping          |     8 |     6 ||    14
 Armour: Skin              |    19 |    29 ||    48
  Dodge: Dodged            |    33 |    32 ||    65

Table legend: (Time is in decaauts)
 A = Elapsed time spent in this place.
 B = Non-inter-level travel time spent in this place.
 C = Inter-level travel time spent in this place.
 D = Time resting spent in this place.
 E = Time spent auto-exploring this place.
 F = Levels seen in this place.
 G = Mean time per level.
                   A        B        C        D        E       F      G
               +--------+--------+--------+--------+--------+-----+--------+
         Total |   2960 |   2788 |    172 |      7 |   2295 |   3 |  986.7 |
       Dungeon |   2960 |   2788 |    172 |      7 |   2295 |   3 |  986.7 |
               +--------+--------+--------+--------+--------+-----+--------+

Top non-repeatable levels by time:
     D:3: 1085 daAuts
     D:1: 971 daAuts
     D:2: 903 daAuts
